 Dungeon Sprint DCSS version 0.31.0-32-g396128a36d (webtiles) character file.

Game seed: 8269101577111657364

4 Heoruswealwe the Trooper (level 1, -4/20 HPs)
             Began as a Minotaur Fighter on Apr 4, 2024.
             Slain by an ice beast (14 damage)
             ... in the Dungeon (Sprint IX: "|||||||||||||||||||||||||||||").
             The game lasted 00:00:25 (30 turns).

Heoruswealwe the Trooper (Minotaur Fighter)           Turns: 30, Time: 00:00:25

Health: -4/20      AC:  7    Str: 20    XL:     1   Next: 50%
Magic:  0/0        EV:  9    Int:  5    God:
Gold:   0          SH:  4    Dex:  9    Spells: 0/0 levels left

rFire   . . .        a - +0 trident
rCold   . . .        d - +0 buckler
rNeg    . . .        c - +0 scale mail
rPois   .            (helmet restricted)
rElec   .            (no cloak)
rCorr   .            (no gloves)
SInv    .            (no boots)
Will    .....        (no amulet) Stlth
                     (no ring)
HPRegen 0.23/turn    (no ring)
MPRegen 0.07/turn

%: no teleportation
@: no status effects
A: horns 2, retaliatory headbutt
a: no special abilities


You were in the Dungeon.
You visited 1 branch

Inventory:

Hand Weapons
 a - a +0 trident (weapon)
Armour
 c - a +0 scale mail (worn)
 d - a +0 buckler (worn)
Scrolls
 j - a scroll of blinking
Potions
 b - a potion of might
 e - a potion of curing
 f - a potion of heal wounds
 g - a potion of haste
 h - 2 potions of magic
 i - a potion of berserk rage


   Skills:
 + Level 4.1 Fighting
 * Level 3.6 Polearms
 + Level 4.1 Armour
 - Level 3.6 Shields


You couldn't memorise any spells.
You didn't know any spells.
Your spell library was empty.

Dungeon Overview and Level Annotations

Branches:
Dungeon (1/1)

Altars:


Innate Abilities, Weirdness & Mutations

You have a pair of horns on your head.
You reflexively headbutt those who attack you in melee.


Message History

You hit the kobold but do no damage. The kobold hits you but does no damage.
You barely miss the kobold. The kobold closely misses you.
You barely miss the kobold. Your headbutt misses the kobold.
You block the kobold's attack.
You closely miss the kobold. The kobold hits you but does no damage.
The kobold barely misses you. You furiously retaliate!
You headbutt the kobold. You barely miss the kobold.
The kobold is moderately wounded.
The kobold hits you but does no damage.
You hit the kobold.
You kill the kobold!
The giant cockroach closely misses you. You furiously retaliate!
You headbutt the giant cockroach.
You kill the giant cockroach!
Your Fighting skill increases to level 4!
Your Armour skill increases to level 4!
You puncture the frilled lizard!
You kill the frilled lizard!
There is an open door to the Dungeon, spattered with blood here.
Items here: ( )) †††.
Okay, then.
You open the door.
An iguana, a scorpion, a bombardier beetle, a dart slug and an ice beast come into view.
The iguana hisses angrily.
You barely miss the ice beast.
The ice beast hits you but does no damage.
You puncture the ice beast! You headbutt the ice beast.
The ice beast is heavily wounded.
The ice beast hits you. The ice beast freezes you! The ice beast misses you.
You hit the ice beast but do no damage.
The ice beast is heavily wounded.
The ice beast hits you but does no damage.
You hit the ice beast but do no damage. Your headbutt misses the ice beast.
The ice beast is heavily wounded.
The ice beast barely misses you.
You closely miss the ice beast.
The ice beast is heavily wounded.
The ice beast hits you. The ice beast freezes you!
Ouch! That really hurt!
You die...

▓+▓
▓.▓
▓l▓
▓s▓
▓B▓
▓w▓
▓Y▓
▓@▓
▓.▓
▓.▓
▓.▓
▓.▓
▓)▓
▓.▓
▓.▓
▓.▓


You could see an ice beast, a scorpion, a bombardier beetle, an iguana and a
dart slug.

Vanquished Creatures
  A giant cockroach (D)
  A frilled lizard (D)
  2 kobolds (D)
  A rat (D)
5 creatures vanquished.

Notes
Turn   | Place    | Note
-------+----------+-------------------------------------------
     0 | D        | Heoruswealwe the Minotaur Fighter began the quest for the
                  | Orb.
     0 | D        | Reached XP level 1. HP: 19/19 MP: 0/0
    25 | D        | Noticed an iguana
    25 | D        | Noticed a scorpion
    25 | D        | Noticed a bombardier beetle
    25 | D        | Noticed an ice beast
    30 | D        | Slain by an ice beast

Illustrated notes

Levels and vault maps discovered:
D:        linesprint [early_d, line_temple, items_1, d_10, items_2, lair_1,
          lair_end, items_3, orc_1, orc_end, items_4, d_15, swamp_1, shoals_1,
          snake_1, spider_1, d_20, vaults_1, items_5, swamp_end, shoals_end,
          snake_end, spider_end, vaults_end, d_27, items_6, zot_1, zot_end,
          crypt_end, forest_end, elf_end, slime_end, tomb_end, abyss_end,
          pan_hell_end]

Skill      XL: |  1 |
---------------+----+-----
Polearms       | 3 |  3.6
Fighting       | 4 |  4.1
Armour         | 4 |  4.1
Shields        | |  3.6

Action                     || total
---------------------------++-------
  Melee: Trident           ||    19
         Headbutt          ||     1
 Armour: Scale mail        ||    10
  Dodge: Dodged            ||     8
  Block: Buckler           ||     1
